 Dungeon Crawl Stone Soup version 0.17-a0-2058-g8b0eb12 (webtiles) character file.

3938 Sinocard the Grappler (level 10, -4/100 HPs)
             Began as a Troll Monk on Oct 11, 2015.
             Was an Elder of Qazlal.
             Slain by an orc warrior
             ... wielding a +0 hand axe
              (8 damage)
             ... on level 8 of the Dungeon on Oct 12, 2015.
             The game lasted 00:41:20 (5128 turns).

Sinocard the Grappler (Troll Monk)                  Turns: 5128, Time: 00:41:20

Health: -4/100     AC:  5    Str: 21    XL:     10   Next: 1%
Magic:  6/10       EV: 14    Int:  6    God:    Qazlal [****..]
Gold:   403        SH:  5    Dex: 15    Spells: 0 memorised, 9 levels left

rFire  . . .     SeeInvis .       - Unarmed
rCold  . . .     Clarity  .     a - +0 robe
rNeg   . . .     SustAt   +     (no shield)
rPois  .         Gourm    +     (helmet restricted)
rElec  .         Spirit   .     (no cloak)
rCorr  .         Warding  .     (gloves unavailable)
rMut   .         Stasis   .     (boots unavailable)
MR     .....                    (no amulet)
Stlth  +.........               y - ring of wizardry
                                v - ring of sustain attributes

@: flying, hasted, repel missiles, very quick, not resistant to hostile
enchantments, very unstealthy
A: unfitting armour, claws 3, fast metabolism 3, gourmand, regeneration 2,
shaggy fur 1, tough skin 2
a: Upheaval, Elemental Force, Renounce Religion


You were on level 8 of the Dungeon.
You worshipped Qazlal.
Qazlal was greatly pleased with you.
You were not hungry.

You visited 1 branch of the dungeon, and saw 8 of its levels.
You also visited: Sewer.

You collected 403 gold pieces.

Inventory:

Hand Weapons
 F - the +8 bow of Krishna "Sharnga" {speed, Dex+3 SInv}
   (You found it on level 5 of the Dungeon)

   Attacks with this weapon are significantly faster.
   It affects your dexterity (+3).
   It lets you see invisible.
Armour
 a - a +0 robe (worn)
Jewellery
 v - a ring of sustain attributes (left claw)
 y - a ring of wizardry (right claw)
 E - an uncursed ring of invisibility {unknown}
Wands
 n - a wand of slowing (8)
 w - a wand of magic darts (40)
Scrolls
 c - 2 scrolls of fear {unknown}
 d - 2 scrolls of random uselessness {unknown}
 f - 4 scrolls of teleportation {unknown}
 j - 6 scrolls of identify {unknown}
 k - a scroll of enchant weapon {unknown}
 l - 2 scrolls of magic mapping
 m - 6 scrolls of remove curse
 p - a scroll of noise {unknown}
 q - a scroll of fog {unknown}
 r - a scroll of amnesia
 u - 2 scrolls of immolation {unknown}
 A - 2 scrolls of blinking {unknown}
Potions
 e - 4 potions of cure mutation
 i - a potion of resistance {unknown}
 o - a potion of invisibility {unknown}
 s - 2 potions of flight
 t - a potion of haste
 x - a potion of berserk rage {unknown}
 B - a potion of degeneration {unknown}
 H - 2 potions of poison {unknown}
 I - a potion of cancellation {unknown}
 J - 2 potions of mutation {unknown}
Comestibles
 b - 6 fruits
 g - a beef jerky
 z - a meat ration
 C - a bread ration
 D - 2 royal jellies


   Skills:
 + Level 6.6 Fighting
 + Level 7.8 Dodging
 + Level 2.3 Stealth
 + Level 9.0 Unarmed Combat
 + Level 1.5 Invocations


You had 9 spell levels left.
You didn't know any spells.

Dungeon Overview and Level Annotations

Branches:
Dungeon (8/15)             Temple (0/1) D:4
   Lair: D:8-11

Altars:
Ashenzari
Gozag
Okawaru
Qazlal
Ru
Trog
Vehumet
The Shining One

Shops:
D:7 (


Innate Abilities, Weirdness & Mutations

You are too large for most types of armour.
You have claws for hands.
Your metabolism is lightning-fast.
You like to eat raw meat.
You heal very quickly.
You are covered in fur (AC +1).
You have very tough skin (AC +2).


Message History

The ground shakes violently, spewing rubble!
The blast of rubble hits the scorpion.
The scorpion is almost dead.
The orc barely misses you. The orc warrior closely misses you.
You scratch the orc warrior.
The orc warrior is heavily wounded.
The orc priest casts a cantrip, but nothing happens.
You block the orc's attack.
Drink which item? (? for menu, Esc to quit)
It was a potion of flight.
You feel very buoyant.
You fly up into the air.
The orc warrior misses you.
The orc priest calls down the wrath of Beogh upon you.
Something smites you!
* * * LOW HITPOINT WARNING * * *
Drink which item? (? for menu, Esc to quit)
It was a potion of haste.
You feel yourself speed up. The orc closely misses you.
The orc warrior hits you with a hand axe!
You die...

. ## ..#####. ##
.......#####......## #
....##......##....####.# #.
#............... ....#
P.#..##...or###......##....##
..........ros...##...#......#
P.....)%.###o#####..# .....
PP......## #@.†###.###...
.P.....## ###))().##..#
....>.. ####..#§<#####.
.P.###. ###..(........ .. ##
#....)####.... . #.......# ..
##.....## #######


You could see an orc warrior, a scorpion, an orc priest, a river rat and an orc.

Vanquished Creatures
  The ghost of edsrzf the Skirmisher, a novice CeWn (D:6)
  The ghost of jimeh the Destroyer, a novice DrFE of Vehumet (D:7)
  Joseph (D:7)
  A two-headed ogre (D:8)
  Sigmund (D:3)
  A hippogriff (D:5)
  Menkaure (D:7)
  A black bear (D:7)
  A sky beast (D:6)
  A phantom (D:7)
  2 centaurs
  3 crocodiles
  A big kobold (D:8)
  4 giant frogs
  A scorpion (D:6)
  2 crimson imps (D:5)
  3 hounds
  A giant frog skeleton (D:8)
  3 orc priests
  14 orc wizards
  Jessica (D:3)
  2 centaur skeletons (D:7)
  An iguana (D:4)
  Terence (D:3)
  4 worker ants
  4 gnolls (D:5)
  5 adders
  3 river rats
  An ooze (D:3)
  3 worms (D:2)
  An adder skeleton (D:5)
  4 giant geckos
  32 orcs
  5 giant cockroaches
  10 goblins
  9 hobgoblins
  13 jackals
  13 kobolds
  4 quokkas
  11 bats
  A giant gecko skeleton (D:8)
  A giant gecko zombie (D:7)
  5 giant newts
  22 rats
200 creatures vanquished.

Vanquished Creatures (others)
  A fungus (D:8)
1 creature vanquished.

Grand Total: 201 creatures vanquished

Notes
Turn   | Place    | Note
--------------------------------------------------------------
     0 | D:1      | Sinocard the Troll Monk began the quest for the Orb.
     0 | D:1      | Reached XP level 1. HP: 22/22 MP: 0/0
   129 | D:1      | Reached XP level 2. HP: 17/29 MP: 1/1
   489 | D:1      | Reached XP level 3. HP: 36/36 MP: 2/2
   711 | D:2      | Found a stormy altar of Qazlal.
   718 | D:2      | Became a worshipper of Qazlal Stormbringer
   718 | D:2      | Acquired Qazlal's first power
   718 | D:2      | Acquired Qazlal's second power
  1203 | D:2      | Reached XP level 4. HP: 41/44 MP: 3/3
  1610 | D:2      | Noticed a moth of wrath
  1614 | D:2      | Found a bloodstained altar of Trog.
  1754 | D:3      | Noticed Jessica
  1777 | D:3      | Killed Jessica
  1812 | D:3      | Reached skill level 5 in Unarmed Combat
  1814 | D:3      | Reached XP level 5. HP: 43/52 MP: 4/4
  1880 | D:3      | Found a glowing drain.
  1907 | Sewer    | Entered a sewer
  1919 | Sewer    | Acquired Qazlal's third power
  2159 | D:3      | Reached XP level 6. HP: 34/61 MP: 5/5
  2192 | D:3      | Noticed Terence
  2201 | D:3      | Killed Terence
  2382 | D:3      | Found an iron altar of Okawaru.
  2491 | D:3      | Noticed Sigmund
  2514 | D:3      | Killed Sigmund
  2514 | D:3      | Reached XP level 7. HP: 34/67 MP: 6/6
  2589 | D:3      | Found a shattered altar of Ashenzari.
  2652 | D:4      | Found a staircase to the Ecumenical Temple.
  2733 | D:4      | Reached skill level 6 in Unarmed Combat
  3188 | D:4      | Found a sacrificial altar of Ru.
  3265 | D:5      | Entered Level 5 of the Dungeon
  3349 | D:5      | Reached skill level 5 in Dodging
  3407 | D:5      | Found a radiant altar of Vehumet.
  3407 | D:5      | Found an opulent altar of Gozag.
  3477 | D:5      | Acquired Qazlal's fourth power
  3483 | D:5      | Reached XP level 8. HP: 57/79 MP: 7/7
  3631 | D:5      | Found a glowing golden altar of the Shining One.
  3862 | D:6      | Reached skill level 7 in Unarmed Combat
  3871 | D:6      | Noticed edsrzf's ghost (novice CeWn)
  3883 | D:6      | Killed edsrzf's ghost
  3883 | D:6      | Reached skill level 5 in Fighting
  4077 | D:6      | Reached XP level 9. HP: 88/88 MP: 8/8
  4512 | D:7      | Found Cehy's Antique Weapon Shoppe.
  4531 | D:7      | Noticed Menkaure
  4543 | D:7      | Noticed jimeh's ghost (novice DrFE)
  4545 | D:7      | Killed Menkaure
  4553 | D:7      | HP: 3/88 [jimeh's ghost/bolt of negative energy (30)]
  4579 | D:7      | Killed jimeh's ghost
  4579 | D:7      | Reached skill level 8 in Unarmed Combat
  4579 | D:7      | Reached skill level 1 in Invocations
  4807 | D:7      | Noticed Joseph
  4821 | D:7      | Killed Joseph
  5056 | D:8      | Reached skill level 9 in Unarmed Combat
  5099 | D:8      | Reached XP level 10. HP: 38/100 MP: 10/10
  5127 | D:8      | HP: 4/100 [orc priest/divine providence (12)]
  5128 | D:8      | Slain by an orc warrior

Vault maps used:
D:1:      scummos_arrival_gate, nrook_mini_vaults, minmay_misc_feat_five
D:2:      grunt_qazlal_clouds, tgw_trog
D:3:      lemuel_round_altar, lemuel_round_altar, portal_sewer_entry_b,
          uniq_terence, uniq_sigmund, uniq_jessica
D:4:      minmay_temple_entry_statues_pillars, nicolae_ru_path_of_blood
D:5:      gammafunk_temple_overflow_pools, first_bread, basic_altar
D:6:      minmay_flawed_box
D:7:      serial_shops, nicolae_shop_crystal, uniq_joseph, uniq_menkaure
D:8:      tso_oasis_becter, grunt_lair_entry_elf_guard_hut,
          hangedman_little_slice_of_home
Sewer:    sewer_big_baddie

Action                   |  1- 3 |  4- 6 |  7- 9 | 10-12 || total
-------------------------+-------+-------+-------+-------++-------
Melee: Unarmed           |   112 |   155 |   339 |    11 ||   617
Invok: Upheaval          |       |       |     2 |     1 ||     3
  Use: Potion            |       |     2 |    10 |     4 ||    16
       Scroll            |       |       |     3 |       ||     3
 Stab: Sleeping          |     1 |       |       |       ||     1
  Eat: Chunk             |     2 |     7 |     7 |       ||    16
       Bread ration      |     2 |       |       |       ||     2
       Meat ration       |       |     1 |     3 |       ||     4
